 Dungeon Crawl Stone Soup version 0.14-a0-3345-g9255d23 (webtiles) character file.

2303 Kae the Conjurer (level 9, -2/45 HPs)
             Began as a Tengu Fire Elementalist on Mar 17, 2014.
             Was an Initiate of Vehumet.
             Slain by a slave (8 damage)
             ... led by Pikel
             ... on Level 5 of the Dungeon.
             The game lasted 00:15:37 (7678 turns).

Kae the Conjurer (Tengu Fire Elementalist)          Turns: 7678, Time: 00:15:37

HP  -2/45        AC  3     Str 10      XL: 9   Next: 22%
MP   1/19        EV 12     Int 18      God: Vehumet [......]
Gold 292         SH  0     Dex 14      Spells:  5 memorised,  3 levels left

rFire  . . .     SeeInvis .     L - staff of energy
rCold  . . .     Clarity  .     n - +0 robe
rNeg   . . .     Conserve +     (no shield)
rPois  .         rCorr    .     (helmet restricted)
rElec  .         rRot     .     (no cloak)
SustAb . .       Spirit   .     E - +0 pair of gloves
rMut   .         Warding  .     (boots unavailable)
Saprov . . .     Stasis   .     d - amulet of conservation
MR     .....                    (no ring)
                                s - ring of wizardry

@: not resistant to hostile enchantments, fairly stealthy
A: able to fly, beak, talons 3, low mp 1
a: Fly, Renounce Religion


You were on level 5 of the Dungeon.
You worshipped Vehumet.
Vehumet was noncommittal.
You were not hungry.

You visited 1 branch of the dungeon, and saw 6 of its levels.

You collected 292 gold pieces.

Inventory:

Hand weapons
 a - a +2,+0 mace of holy wrath
 b - a +2,+1 trident
Missiles
 w - 3 tomahawks (quivered)
 y - 3 darts
Armour
 n - a +0 robe (worn)
 E - a +0 pair of gloves (worn)
Magical devices
 A - a wand of flame (11)
 I - a wand of fire (5) {unknown}
Comestibles
 c - 7 bread rations
 f - 4 meat rations
 g - a pear
 l - a royal jelly
 t - an apricot
Scrolls
 j - 3 scrolls of remove curse
 u - 3 scrolls of teleportation
 B - a scroll of random uselessness {unknown}
 D - a scroll of enchant armour {unknown}
 F - a scroll of magic mapping {unknown}
 H - a scroll of fog
Jewellery
 d - an amulet of conservation (around neck)
 h - an uncursed ring of sustain abilities {unknown}
 m - an uncursed ring of sustain abilities {unknown}
 s - a ring of wizardry (left hand)
Potions
 e - 2 potions of restore abilities
 i - a potion of paralysis {unknown}
 k - a potion of flight {unknown}
 o - 2 potions of haste
 p - 2 potions of heal wounds {unknown}
 q - a potion of degeneration {unknown}
 r - 2 potions of agility {unknown}
 v - 2 potions of brilliance {unknown}
 z - a potion of berserk rage {unknown}
 C - a potion of mutation {unknown}
 J - a potion of invisibility {unknown}
Books
 x - a book of Flames

   Spells                             Type                      Level
   *Flame Tongue                      Conjuration/Fire             1
   *Throw Flame                       Conjuration/Fire             2
   *Conjure Flame                     Conjuration/Fire             3
   Inner Flame                        Hexes/Fire                   3
   *Sticky Flame                      Conjuration/Fire             4
   *Fireball                          Conjuration/Fire             5
Magical staves
 L - an uncursed staff of energy (weapon)


   Skills:
 - Level 2.1 Dodging
 - Level 2.0 Stealth
 + Level 5.0 Spellcasting
 * Level 10.1 Conjurations
 * Level 8.6 Fire Magic


You had 3 spell levels left.
You knew the following spells:

 Your Spells              Type           Power        Failure   Level  Hunger
a - Flame Tongue          Conj/Fire      #####        1%          1    None
b - Throw Flame           Conj/Fire      #####.       1%          2    None
c - Conjure Flame         Conj/Fire      #####...     1%          3    None
d - Sticky Flame          Conj/Fire      #####...     1%          4    None
e - Fireball              Conj/Fire      #####.....   4%          5    None


Dungeon Overview and Level Annotations

Branches:
Dungeon (6/15)
 Temple: D:4-7

Altars:
Trog
Vehumet
Xom

Annotations:
D:6 Pikel


Innate Abilities, Weirdness & Mutations

You can fly.
You have a beak for a mouth.
You have claws for feet.
Your magical capacity is low (-10% MP).


Message History

The flame misses the slave.
The slave hits you.
* * * LOW HITPOINT WARNING * * *
Casting: Flame Tongue
Confirm with . or Enter, or press ? or * to list all spells.
Aiming: Flame Tongue
Press: ? - help, Shift-Dir - straight line, f/p - slave
Aim: a slave wearing an animal skin (almost dead)
The flame hits the slave.
The slave is almost dead.
The slave hits you.
* * * LOW HITPOINT WARNING * * *
Casting: Flame Tongue
Confirm with . or Enter, or press ? or * to list all spells.
Aiming: Flame Tongue
Press: ? - help, Shift-Dir - straight line, f/p - slave
Aim: a slave wearing an animal skin (almost dead)
The flame hits the slave.
The slave appears unharmed.
The slave is almost dead.
The slave hits you!
You die...

#.#....................
#.####...####...#######
#.######...##...# #
#.#...##...##...#######
#.#....................
#.#..>.####...........#
#.####.# #........##.#
#...##@####...##...##.#
#.....@.[).....[.......
#...#...###.##########.
#####...# #.# ##### ## #..(#
#.# #...# ##.## #.# #...#
####### #.# ##.####...#
#.....####.###.....#..%####
###..........................
##............###.....##...##.


You could see a slave.

Vanquished Creatures
  Grinder (D:6)
  2 slaves (D:6)
  A yellow wasp (D:5)
  2 centaurs
  4 ogres
  Sigmund (D:6)
  2 giant frogs (D:6)
  5 wights (D:6)
  A scorpion (D:6)
  2 hounds (D:6)
  A goliath beetle (D:6)
  A jelly (D:6)
  6 crimson imps (D:5)
  2 orc wizards
  An orc priest (D:4)
  4 worker ants
  An iguana (D:6)
  5 adders
  A scorpion zombie (D:5)
  2 giant mites
  2 worms
  2 giant eyeballs (D:4)
  6 giant geckos
  An ooze (D:2)
  23 orcs
  11 bats
  3 giant cockroaches
  8 goblins
  13 hobgoblins
  6 jackals
  2 quokkas
  A ball python (D:2)
  6 giant newts
  2 hobgoblin skeletons
  7 kobolds
  An orc zombie (D:5)
  8 rats
147 creatures vanquished.

Vanquished Creatures (others)
  A bat (D:6)
  A rat (D:6)
2 creatures vanquished.

Grand Total: 149 creatures vanquished

Notes
Turn   | Place    | Note
--------------------------------------------------------------
     0 | D:1      | Kae, the Tengu Fire Elementalist, began the quest for the Orb.
     0 | D:1      | Reached XP level 1. HP: 10/10 MP: 3/3
   223 | D:1      | Reached XP level 2. HP: 4/15 MP: 1/5
  1067 | D:2      | Reached XP level 3. HP: 7/19 MP: 5/7
  2005 | D:2      | Reached skill level 4 in Fire Magic
  2263 | D:3      | Reached XP level 4. HP: 17/24 MP: 3/9
  3435 | D:4      | Reached XP level 5. HP: 28/28 MP: 8/11
  3439 | D:4      | Learned a level 2 spell: Throw Flame
  3443 | D:4      | Learned a level 3 spell: Conjure Flame
  3445 | D:4      | Noticed an ogre
  3477 | D:4      | Killed an ogre
  3477 | D:4      | Reached skill level 5 in Fire Magic
  3522 | D:4      | Reached XP level 6. HP: 27/32 MP: 9/14
  3527 | D:4      | Reached skill level 5 in Conjurations
  3725 | D:4      | Paralysed by a giant eyeball for 3 turns
  4205 | D:4      | Paralysed by a giant eyeball for 3 turns
  4346 | D:4      | Reached skill level 6 in Conjurations
  4568 | D:5      | Entered Level 5 of the Dungeon
  4589 | D:5      | Reached XP level 7. HP: 36/36 MP: 10/17
  4662 | D:5      | Found a shimmering altar of Xom.
  4750 | D:5      | Gained mutation: Your magical capacity is low (-10% MP). [mutagenic glow]
  5412 | D:5      | Reached skill level 7 in Conjurations
  5706 | D:5      | Reached XP level 8. HP: 21/41 MP: 15/17
  5984 | D:5      | Reached skill level 8 in Conjurations
  6269 | D:6      | Noticed Grinder
  6278 | D:6      | Paralysed by Grinder for 3 turns
  6288 | D:6      | Killed Grinder
  6401 | D:6      | Found a radiant altar of Vehumet.
  6424 | D:6      | Noticed Sigmund
  6456 | D:6      | Killed Sigmund
  6456 | D:6      | Reached skill level 9 in Conjurations
  6513 | D:6      | Became a worshipper of Vehumet
  6698 | D:6      | Learned a level 4 spell: Sticky Flame
  6704 | D:6      | Learned a level 5 spell: Fireball
  6945 | D:6      | Reached XP level 9. HP: 43/45 MP: 14/19
  7360 | D:6      | Reached skill level 5 in Spellcasting
  7360 | D:6      | Reached skill level 10 in Conjurations
  7592 | D:6      | Found a bloodstained altar of Trog.
  7616 | D:6      | Noticed Pikel
  7678 | D:5      | Slain by a slave

Action                   |  1- 3 |  4- 6 |  7- 9 || total
-------------------------+-------+-------+-------++-------
Melee: Unarmed           |    71 |    25 |       ||    96
       Trident           |       |    34 |    83 ||   117
       Mace              |       |       |    33 ||    33
       Staff             |       |       |    10 ||    10
 Cast: Flame Tongue      |    49 |    91 |   102 ||   242
       Conjure Flame     |       |     3 |     7 ||    10
       Throw Flame       |       |     1 |    18 ||    19
       Fireball          |       |       |     6 ||     6
       Sticky Flame      |       |       |     2 ||     2
Evoke: Wand              |       |     1 |       ||     1
       Staff of energy   |       |       |     1 ||     1
  Use: Scroll            |     3 |     2 |     3 ||     8
       Potion            |       |     1 |     2 ||     3
 Stab: Sleeping          |     1 |     1 |       ||     2
